 Dungeon Crawl Stone Soup version 0.29-a0-283-ga02f740833 (webtiles) character file.

Game seed: 1261598020382814600

4 Dabor the Covered (level 1, 0/14 HPs)
             Began as a Gargoyle Fighter on Mar 13, 2022.
             Slain by a quokka (2 damage)
             ... on level 1 of the Dungeon.
             The game lasted 00:00:08 (185 turns).

Dabor the Covered (Gargoyle Fighter)                 Turns: 185, Time: 00:00:09

Health: 0/14       AC:  9    Str: 19    XL:     1   Next: 60%
Magic:  1/1        EV:  9    Int:  8    God:
Gold:   19         SH:  4    Dex:  9    Spells: 0/0 levels left

rFire   . . .      SeeInvis .   a - +0 flail
rCold   . . .      Faith    .   c - +0 buckler
rNeg    + . .      Spirit   .   b - +0 scale mail
rPois   ∞          Reflect  .   (no helmet)
rElec   +          Harm     .   (no cloak)
rCorr   .          Rampage  .   (no gloves)
Will    .....                   (no boots)
Stlth   ..........              (no amulet)
HPRegen 0.04/turn               (no ring)
MPRegen 0.07/turn               (no ring)

@: no status effects
A: sickness immunity, AC +2, negative energy resistance 1, electricity
resistance, torment resistance 1, petrification resistance
a: no special abilities


You were on level 1 of the Dungeon.
You visited 1 branch of the dungeon, and saw 1 of its levels.

You collected 19 gold pieces.

Inventory:

Hand Weapons
 a - a +0 flail (weapon)
Armour
 b - a +0 scale mail (worn)
 c - a +0 buckler (worn)
Potions
 d - a potion of might


   Skills:
 + Level 3.3 Fighting
 + Level 2.1 Maces & Flails
 + Level 3.3 Armour
 + Level 3.3 Shields


You couldn't memorise any spells.
You didn't know any spells.
Your spell library was empty.

Dungeon Overview and Level Annotations

Branches:
Dungeon (1/15)

Altars:


Innate Abilities, Weirdness & Mutations

You are immune to sickness and miasma.
Your stone body is resilient. (AC +2)
You are immune to poison.
You resist negative energy. (rN+)
You are resistant to electric shocks. (rElec)
You are resistant to unholy torment.
You are immune to petrification.


Message History

You block the quokka's attack.
The quokka bites you but does no damage.
There are monsters nearby!
You completely miss the quokka.
The quokka is heavily wounded.
The ball python bites you. The ball python grabs you.
The ball python constricts you. The quokka bites you.
The ball python barely misses you. The ball python constricts you.
There are monsters nearby!
You barely miss the ball python. The quokka closely misses you.
The ball python bites you. The ball python constricts you.
The quokka closely misses you.
There are monsters nearby!
You are too injured to fight recklessly!
There are monsters nearby!
You escape the ball python's grasp.
The quokka attacks as you move away! The quokka barely misses you.
The ball python attacks as you move away!
The ball python bites you. The ball python closely misses you.
You sock the ball python!
You kill the ball python!
The giant cockroach barely misses you.
You barely miss the giant cockroach.
The giant cockroach bites you but does no damage.
The quokka bites you but does no damage.
You hit the giant cockroach but do no damage.
You block the giant cockroach's attack. The quokka bites you.
* * * LOW HITPOINT WARNING * * *
The giant cockroach bites you but does no damage.
The quokka barely misses you.
You hit the giant cockroach.
The giant cockroach is almost dead.
The giant cockroach barely misses you. The quokka bites you.
* * * LOW HITPOINT WARNING * * *
You closely miss the giant cockroach.
The giant cockroach is almost dead.
The giant cockroach barely misses you. The quokka misses you.
The giant cockroach bites you but does no damage.
The quokka bites you.
You die...

########## #........#
#........# #........#
# ###### #........#
.###
##.....#######...#####
....
.................># .#
#....)##r..##..(.## .#
#....†B@..........###
#
#....############...##
#..# ###..## #.. ##).#
. ##.## #).# ##.# #.#
#.#


You could see a quokka and a giant cockroach.

Vanquished Creatures
  2 goblins (D:1)
  2 ball pythons (D:1)
4 creatures vanquished.

Notes
Turn   | Place    | Note
-------+----------+-------------------------------------------
     0 | D:1      | Dabor the Gargoyle Fighter began the quest for the Orb.
     0 | D:1      | Reached XP level 1. HP: 14/14 MP: 1/1
   185 | D:1      | Slain by a quokka

Illustrated notes

Levels and vault maps discovered:
D:1:      moated_graveyard_arrival, layout_basic, serial_shops,
          nicolae_shop_bloodbath_and_beyond, minmay_large_rounded_square

Action                   || total
-------------------------++-------
Melee: Flail             ||    20
Armor: Scale mail        ||    10
Dodge: Dodged            ||    15
Block: Buckler           ||     6

Table legend: (Time is in decaauts)
 A = Elapsed time spent in this place.
 B = Non-inter-level travel time spent in this place.
 C = Inter-level travel time spent in this place.
 D = Time resting spent in this place.
 E = Time spent auto-exploring this place.
 F = Levels seen in this place.
 G = Mean time per level.
                   A        B        C        D        E       F      G
               +--------+--------+--------+--------+--------+-----+--------+
         Total |    190 |    190 |      0 |      0 |    155 |   1 |  190.0 |
       Dungeon |    190 |    190 |      0 |      0 |    155 |   1 |  190.0 |
               +--------+--------+--------+--------+--------+-----+--------+

Top non-repeatable levels by time:
     D:1: 190 daAuts
